 Dungeon Crawl Stone Soup version 0.27-a0-1291-geefcff550b (webtiles) character file.

Game seed: 11937399639861854119

49 Sweetruy1997 the Chopper (level 3, 0/33 HPs)
             Began as a Hill Orc Monk on June 15, 2021.
             Slain by a white imp (2 damage)
             ... summoned by Natasha
             ... on level 2 of the Dungeon.
             The game lasted 00:02:42 (1024 turns).

Sweetruy1997 the Chopper (Hill Orc Monk)            Turns: 1024, Time: 00:02:43

Health: 0/33       AC:  5    Str: 13    XL:     3   Next: 77%
Magic:  3/3        EV: 11    Int: 10    God:
Gold:   42         SH:  0    Dex: 14    Spells: 2/2 levels left

rFire    . . .     SeeInvis .   a - +0 hand axe
rCold    . . .     Faith    .   (no shield)
rNeg     . . .     Spirit   .   d - +0 ring mail
rPois    .         Reflect  .   (no helmet)
rElec    .         Harm     .   (no cloak)
rCorr    .         Rampage  .   (no gloves)
Will     .....                  (no boots)
Stlth    +.........             (no amulet)
HPRegen  0.11/turn              (no ring)
MPRegen  0.08/turn              (no ring)

@: slowed, very slow
A: no striking features
a: no special abilities


You were on level 2 of the Dungeon.
You visited 1 branch of the dungeon, and saw 2 of its levels.

You collected 42 gold pieces.

Inventory:

Hand Weapons
 a - a +0 hand axe (weapon)
Armour
 d - a +0 ring mail (worn)
Scrolls
 b - a scroll of identify {unknown}
 c - a scroll of immolation {unknown}


   Skills:
 + Level 3.9 Fighting
 + Level 5.0 Axes
 + Level 1.2 Armour
 + Level 2.8 Dodging
 + Level 1.6 Stealth


You had 2 spell levels left.
You didn't know any spells.
Your spell library was empty.

Dungeon Overview and Level Annotations

Branches:
Dungeon (1/15)

Altars:

Shops:
D:1 !

Annotations:
D:2 Natasha


Message History

Natasha casts a spell.
You hit Natasha.
Natasha is heavily wounded.
You hit the white imp. Natasha barely misses you.
The white imp closely misses you.
Natasha stares at you and mumbles some strange words.
You resist with significant effort.
You barely miss Natasha.
Natasha is moderately wounded.
You hit the white imp but do no damage. The white imp barely misses you.
Natasha barely misses you.
The white imp hits you but does no damage.
You hit Natasha but do no damage.
Natasha is moderately wounded.
You closely miss the white imp. Natasha claws you.
The white imp gestures at you. The puff of frost misses you. Natasha claws you.
You hit Natasha.
Natasha is severely wounded.
You hit the white imp.
The white imp disappears in a puff of smoke!
The white imp hits you. The white imp freezes you.
Natasha mumbles some strange words.
The white imp hits you. The white imp freezes you.
You aren't carrying any potions.
You hit Natasha.
Natasha is almost dead.
You closely miss the white imp. You hit the white imp.
Natasha barely misses you. The white imp barely misses you. x2
Natasha claws you but does no damage.
You hit Natasha.
Natasha is almost dead.
You hit the white imp. You barely miss the white imp.
The white imp disappears in a puff of smoke!
The white imp misses you. The white imp gestures at you.
The puff of frost hits you!
* * * LOW HITPOINT WARNING * * *
Natasha closely misses you. The white imp hits you.
You die...

...# ###...###
#.......#. #
#$........
#.##.......
..>....# # #.....#
#...####5##
....>§h@5.#
#...####..#########
# #.#.##.....#
##.###.#.....# #.#
##......#
##.###.#.....#
#.#.##.....#
#..######..# #.##
.###.# #


You could see Natasha and 2 white imps.

Vanquished Creatures
  A gnoll (D:1)
  An adder (D:2)
  A dart slug (D:1)
  A goblin (D:1)
  10 jackals (D:1)
  A kobold (D:1)
  A quokka (D:1)
  A ball python (D:2)
  2 bats
  3 frilled lizards
  6 rats
28 creatures vanquished.

Vanquished Creatures (others)
  4 demonic plants (D:2)
  3 fungi (D:2)
  A plant (D:2)
8 creatures vanquished.

Grand Total: 36 creatures vanquished

Notes
Turn   | Place    | Note
-------+----------+-------------------------------------------
     0 | D:1      | Sweetruy1997 the Hill Orc Monk began the quest for the Orb.
     0 | D:1      | Reached XP level 1. HP: 19/19 MP: 1/1
   383 | D:1      | Reached XP level 2. HP: 27/27 MP: 2/2
   682 | D:1      | Reached XP level 3. HP: 33/33 MP: 3/3
   808 | D:1      | Reached skill level 5 in Axes
   870 | D:1      | Found Vuunyon's Distillery.
   871 | D:1      | You fall into a shaft and drop 1 floor!
   871 | D:2      | Found a faded altar of an unknown god.
   944 | D:2      | Reached skill level 1 in Armour
  1004 | D:2      | Noticed Natasha
  1024 | D:2      | Slain by a white imp

Illustrated notes

Levels and vault maps discovered:
D:1:      mrwooster_arrival_arrow, layout_loops_ring, serial_shops, shop
D:2:      layout_loops_cross, shapermc_ecumenical_altar_gd, uniq_natasha,
          uniq_terence, uniq_sigmund

Skill      XL: |  1  2  3 |
---------------+----------+-----
Axes           | 5 |  5.0
Armour         | 1 |  1.2
Fighting       | |  3.9
Dodging        | |  2.8
Stealth        | |  1.6

Action                   || total
-------------------------++-------
Melee: Hand axe          ||   108
Armor: Robe              ||     3
       Ring mail         ||    50
Dodge: Dodged            ||    81

Table legend: (Time is in decaauts)
 A = Elapsed time spent in this place.
 B = Non-inter-level travel time spent in this place.
 C = Inter-level travel time spent in this place.
 D = Time resting spent in this place.
 E = Time spent auto-exploring this place.
 F = Levels seen in this place.
 G = Mean time per level.
                   A        B        C        D        E       F      G
               +--------+--------+--------+--------+--------+-----+--------+
         Total |   1035 |   1035 |      0 |    380 |    421 |   2 |  517.5 |
       Dungeon |   1035 |   1035 |      0 |    380 |    421 |   2 |  517.5 |
               +--------+--------+--------+--------+--------+-----+--------+

Top non-repeatable levels by time:
     D:1: 876 daAuts
     D:2: 158 daAuts
